 Dungeon Crawl Stone Soup version 0.21.1-1-g345015fe64 (webtiles) character file.

2392 BrokenGlass the Covert (level 9, -17/49 HPs)
             Began as a Vine Stalker Assassin on Mar 30, 2018.
             Demolished by FTLSpaceWarp's ghost (20 damage)
             ... on level 7 of the Dungeon.
             The game lasted 00:08:51 (5519 turns).

BrokenGlass the Covert (Vine Stalker Assassin)      Turns: 5519, Time: 00:08:52

Health: -17/49     AC:  6    Str: 16    XL:     9   Next: 46%
Magic:  0/17       EV: 11    Int: 12    God:
Gold:   141        SH:  0    Dex: 16    Spells: 15/17 levels left

rFire    + . .     SeeInvis .   P - +0 demon blade
rCold    + + +     Gourm    .   (no shield)
rNeg     . . .     Faith    .   c - +0 robe
rPois    .         Spirit   +   x - +1 helmet "Zidoun" {rC+ Slay+2}
rElec    .         Reflect  .   A - scarf {rC+ rF+}
rCorr    .         Harm     .   K - +0 pair of gloves
MR       +....                  s - +0 pair of boots
Stlth    +++++.....             (no amulet)
HPRegen  0.56/turn              F - ring of protection from cold
MPRegen  0.15/turn              (no ring)

@: lethally poisoned (-17 -> -19), marked
A: fangs 3, regeneration 1, magic shield, antimagic bite, no potion heal 3, rot
immunity
a: no special abilities


You were on level 7 of the Dungeon.
You were near starving.

You visited 1 branch of the dungeon, and saw 8 of its levels.

You collected 336 gold pieces.
You spent 195 gold pieces at shops.

Inventory:

Hand Weapons
 a - a +2 dagger of venom
 b - a +0 blowgun
 E - a +0 hunting sling
 P - a +0 demon blade (weapon)
Missiles
 e - 12 poisoned needles
 f - 4 curare-tipped needles
 l - 13 javelins (quivered)
 n - 99 arrows
 q - 67 sling bullets
 u - 108 stones
 J - 17 bolts
Armour
 c - a +0 robe (worn)
 d - a +0 cloak
 s - a +0 pair of boots (worn)
 x - the +1 helmet "Zidoun" (worn) {rC+ Slay+2}
   (You found it on level 5 of the Dungeon)

   It affects your accuracy and damage with ranged weapons and melee attacks
   (+2).
   It protects you from cold.
 A - a scarf of resistance (worn)
 D - a +3 chain mail of magic resistance
 K - a +0 pair of gloves (worn)
Magical Staves
 y - an uncursed staff of poison {unknown}
Jewellery
 F - a ring of protection from cold (left hand)
Wands
 t - a wand of digging (28)
 O - a wand of flame (38)
Scrolls
 k - 4 scrolls of identify
 o - a scroll of magic mapping
 B - a scroll of fog
 C - 2 scrolls of noise
 H - 2 scrolls of teleportation {unknown}
 L - a scroll of remove curse
 M - a scroll of blinking {unknown}
Potions
 h - a potion of brilliance {unknown}
 i - a potion of ambrosia {unknown}
 j - 3 potions of heal wounds {unknown}
 m - 2 potions of curing {unknown}
 p - a potion of lignification {unknown}
 r - a potion of haste {unknown}
 v - a potion of might {unknown}
 z - 2 potions of agility {unknown}
 I - a potion of flight {unknown}
Books
 w - a book of Misfortune

   Spells                             Type                      Level
   a - Confusing Touch                Hexes                        1
   b - Confuse                        Hexes                        3
   c - Gell's Gravitas                Translocation                3
   d - Petrify                        Transmutation/Earth          4
   e - Metabolic Englaciation         Hexes/Ice                    5
   f - Yara's Violent Unravelling     Hexes/Transmutation          5
 G - a book of Cantrips

   Spells                             Type                      Level
   a - Confusing Touch                Hexes                        1
   b - Animate Skeleton               Necromancy                   1
   c - Summon Small Mammal            Summoning                    1
   d - Apportation                    Translocation                1
Comestibles
 g - 10 rations


   Skills:
 * Level 6.8 Fighting
 - Level 4.2(4.6) Short Blades
 * Level 2.5(3.7) Long Blades
 - Level 1.7 Throwing
 - Level 0.7 Dodging
 * Level 10.3 Stealth
 + Level 4.7 Spellcasting


You had 15 spell levels left.
You knew the following spells:

 Your Spells              Type           Power        Failure   Level  Hunger
a - Animate Skeleton      Necr           N/A          21%         1    None
b - Apportation           Tloc           #.....       21%         1    None


Dungeon Overview and Level Annotations

Branches:
Dungeon (8/15)
 Temple: D:4-7         Lair: D:8-11

Altars:
Dithmenos
Makhleb
Nemelex Xobeh
Okawaru
Uskayaw
Yredelemnul
The Shining One

Shops:
D:4 %   D:7 *

Annotations:
D:7 FTLSpaceWarp's ghost, novice TrMo


Innate Abilities, Weirdness & Mutations

You have razor-sharp teeth.
Your natural rate of healing is unusually fast.
When hurt, damage is shared between your health and your magic reserves.
Your bite disrupts and absorbs the magic of your enemies.
Potions cannot restore your health.
You are immune to rotting.


Message History

Unknown command.
Unknown command.
Unknown command.
Unknown command.
You start resting.
You feel sick.
* * * LOW HITPOINT WARNING * * *
You feel sick.
Unknown command.
You feel sick.
You feel sick.
You feel sick.
You feel sick.
There is a stone staircase leading up here.
You feel sick.
You climb upwards.
Level annotation: FTLSpaceWarp's ghost, novice TrMo You feel sick.
FTLSpaceWarp's ghost hits you but does no damage.
FTLSpaceWarp's ghost hits you!!
You die...

### ########## .. #.. .........#
#.# #.# #.######.# #.# ##.# #W#
##.#.# ... ..# #@###.#..#########
#.# #.# #.##.###.......... #.#
#.# #.#####.###.#...........
#.###.####............(.......###
#.#.......##.#####..#.#.#####..<(
#.....###.##.# ##..#.#.# #####
...#..# #.##.# #...#.#.# #
..###.# #.##.# #..##.#.# #
.>.#..# #.##.####.......# #


You could see FTLSpaceWarp's ghost.

Vanquished Creatures
  Edmund (D:5)
  A black bear (D:8)
  An orc warrior (D:6)
  A sky beast (D:5)
  An ogre (D:5)
  4 centaurs
  4 bullfrogs
  Blork the orc (D:5)
  A gnoll sergeant (D:6)
  4 killer bees (D:8)
  3 wights (D:7)
  2 crimson imps
  A jelly (D:6)
  2 centaur zombies
  8 hounds
  An orc priest (D:3)
  An orc wizard (D:6)
  Ijyb (D:4)
  Terence (D:2)
  4 worker ants
  A hound skeleton (D:4)
  4 gnolls (D:6)
  8 adders
  2 oozes
  5 worms
  A dart slug (D:4)
  6 leopard geckos
  21 orcs
  2 ball pythons (D:4)
  7 giant cockroaches
  10 goblins
  6 hobgoblins
  3 jackals (D:1)
  2 bats (D:2)
  3 frilled lizards
  8 kobolds
  7 rats
139 creatures vanquished.

Vanquished Creatures (collateral kills)
  A crimson imp (D:5)
  A jelly (D:5)
2 creatures vanquished.

Grand Total: 141 creatures vanquished

Notes
Turn   | Place    | Note
-------+----------+-------------------------------------------
     0 | D:1      | BrokenGlass the Vine Stalker Assassin began the quest for the Orb.
     0 | D:1      | Reached XP level 1. HP: 11/11 MP: 2/2
   111 | D:1      | Reached skill level 5 in Stealth
   207 | D:1      | Reached XP level 2. HP: 15/15 MP: 3/3
   678 | D:2      | Reached XP level 3. HP: 18/18 MP: 4/4
   929 | D:2      | Noticed Terence
   940 | D:2      | Killed Terence
   940 | D:2      | Reached skill level 1 in Spellcasting
   940 | D:2      | Gained mutation: Your natural rate of healing is unusually fast. [Vine Stalker growth]
   940 | D:2      | Reached XP level 4. HP: 10/23 MP: 2/6
  1076 | D:2      | Found a burning altar of Makhleb.
  1183 | D:2      | Found a sparkling altar of Nemelex Xobeh.
  1589 | D:3      | Reached skill level 6 in Stealth
  1589 | D:3      | Reached XP level 5. HP: 18/28 MP: 4/8
  2226 | D:4      | Found a shadowy altar of Dithmenos.
  2297 | D:4      | Noticed Ijyb
  2316 | D:4      | Reached XP level 6. HP: 24/32 MP: 8/10
  2326 | D:4      | Killed Ijyb
  2349 | D:4      | Found Ulessoh's Food Emporium.
  2396 | D:4      | Found an iron altar of Okawaru.
  2721 | D:5      | Entered Level 5 of the Dungeon
  2814 | D:5      | Noticed a sky beast
  2840 | D:5      | Killed a sky beast
  2840 | D:5      | Reached skill level 7 in Stealth
  2923 | D:5      | Noticed Blork the orc
  2934 | D:5      | Killed Blork the orc
  2934 | D:5      | Reached XP level 7. HP: 33/37 MP: 11/11
  2979 | D:5      | Learned a level 1 spell: Animate Skeleton
  2981 | D:5      | Learned a level 1 spell: Apportation
  3422 | D:5      | Noticed Edmund
  3429 | D:5      | Killed Edmund
  3429 | D:5      | Reached skill level 8 in Stealth
  3429 | D:5      | Gained mutation: You have razor-sharp teeth. [Vine Stalker growth]
  3429 | D:5      | Reached XP level 8. HP: 42/42 MP: 13/13
  3458 | D:5      | Reached skill level 5 in Fighting
  3822 | D:5      | Got a shimmering helmet
  3833 | D:5      | Identified the +1 helmet "Zidoun" {rC+ Slay+2} (You found it on level 5 of the Dungeon)
  4246 | D:6      | Reached skill level 9 in Stealth
  4673 | D:6      | Found a glowing golden altar of the Shining One.
  4673 | D:6      | Found a basalt altar of Yredelemnul.
  4674 | D:6      | Found a hide-covered altar of Uskayaw.
  4947 | D:7      | Found a burning altar of Makhleb.
  4947 | D:7      | Found Xehufij's Evil Emporium.
  4957 | D:7      | Bought a +0 demon blade for 195 gold pieces
  5148 | D:7      | Reached XP level 9. HP: 30/48 MP: 16/16
  5209 | D:7      | Reached skill level 1 in Long Blades
  5306 | D:7      | Reached skill level 10 in Stealth
  5402 | D:7      | Noticed FTLSpaceWarp's ghost (novice TrMo)
  5519 | D:7      | Demolished by FTLSpaceWarp's ghost

Skill      XL: |  1  2  3  4  5  6  7  8  9 |
---------------+----------------------------+-----
Fighting       | 2 3 4 6 |  6.8
Stealth        | 5 6 7 8 9 10 | 10.3
Short Blades   | 2 3 4 |  4.2
Spellcasting   | 1 2 3 4 |  4.7
Long Blades    | 2 |  2.5
Throwing       | |  1.7
Dodging        | |  0.7

Action                   |  1- 3 |  4- 6 |  7- 9 || total
-------------------------+-------+-------+-------++-------
Melee: Dagger            |    68 |   159 |   164 ||   391
       Bite              |    13 |    47 |    66 ||   126
       Demon blade       |       |       |    40 ||    40
 Cast: Animate Skeleton  |       |       |     5 ||     5
Evoke: Wand              |       |       |     5 ||     5
  Use: Scroll            |       |     7 |       ||     7
 Stab: Sleeping          |     7 |    13 |    10 ||    30
       Distracted        |       |     1 |     3 ||     4
  Eat: Chunk             |       |     6 |     7 ||    13
Armor: Robe              |    15 |    24 |    44 ||    83
Dodge: Dodged            |    21 |    62 |    88 ||   171
       Rpst.: Demon blade |       |       |     7 ||     7
